 Dungeon Crawl Stone Soup version 0.23-a0-644-gb60d84b (webtiles) character file.

328 Weezle the Charmwright (level 6, -4/51 HPs)
             Began as a Gnoll Skald on Jan 1, 2019.
             Killed by divine providence
             ... invoked by an orc priest
              (16 damage)
             ... on level 4 of the Dungeon.
             The game lasted 00:11:01 (3534 turns).

Weezle the Charmwright (Gnoll Skald)                Turns: 3534, Time: 00:11:02

Health: -4/51      AC:  4    Str: 15    XL:     6   Next: 50%
Magic:  7/14       EV: 14    Int: 15    God:
Gold:   183        SH:  0    Dex: 15    Spells: 8/15 levels left

rFire    . . .     SeeInvis .   a - +0 trident
rCold    . . .     Gourm    .   (no shield)
rNeg     . . .     Faith    .   p - +0 leather armour
rPois    .         Spirit   .   (no helmet)
rElec    .         Reflect  .   (no cloak)
rCorr    .         Harm     .   x - +0 pair of gloves
MR       .....                  (no boots)
Stlth    ++........             (no amulet)
HPRegen  0.17/turn              (no ring)
MPRegen  0.14/turn              (no ring)

@: confusing touch, very slightly contaminated
A: distributed training, fangs 1, strong nose
a: no special abilities


You were on level 4 of the Dungeon.
You were not hungry.

You visited 1 branch of the dungeon, and saw 4 of its levels.

You collected 183 gold pieces.

Inventory:

Hand Weapons
 a - a +0 trident (weapon)
 b - a +0 hunting sling
Missiles
 j - 8 stones (quivered)
 q - 23 poisoned needles
 r - 50 sling bullets
 s - 22 arrows
 u - 2 tomahawks
Armour
 e - a +0 scale mail
 n - a +0 chain mail
 p - a +0 leather armour (worn)
 w - a +0 shield
 x - a +0 pair of gloves (worn)
 B - a +0 cloak
Jewellery
 A - an uncursed amulet of guardian spirit {unknown}
 D - an uncursed ring of fire {unknown}
Scrolls
 c - a scroll of magic mapping {unknown}
 g - 4 scrolls of identify {unknown}
 h - a scroll of noise {unknown}
 k - 3 scrolls of teleportation {unknown}
 l - a scroll of remove curse {unknown}
 v - a scroll of blinking {unknown}
 y - 3 scrolls of enchant weapon {unknown}
 E - a scroll of enchant armour {unknown}
Potions
 f - a potion of berserk rage {unknown}
 i - a potion of curing {unknown}
 m - 2 potions of might {unknown}
 o - 2 potions of haste {unknown}
 t - a potion of flight {unknown}
 z - a potion of lignification {unknown}
Comestibles
 d - 7 rations
 C - 3 chunks of flesh


   Skills:
 + Level 5.0 Fighting
 + Level 2.0 Short Blades
 + Level 2.0 Long Blades
 + Level 2.0 Axes
 + Level 2.0 Maces & Flails
 + Level 5.0 Polearms
 + Level 2.0 Staves
 + Level 2.0 Slings
 + Level 2.0 Bows
 + Level 2.0 Crossbows
 + Level 2.0 Throwing
 + Level 3.2 Armour
 + Level 5.0 Dodging
 + Level 2.0 Stealth
 + Level 2.0 Shields
 + Level 2.0 Unarmed Combat
 + Level 5.3 Spellcasting
 + Level 1.5 Conjurations
 + Level 1.5 Hexes
 + Level 5.6 Charms
 + Level 1.5 Summonings
 + Level 1.5 Necromancy
 + Level 1.5 Translocations
 + Level 1.5 Transmutations
 + Level 1.5 Fire Magic
 + Level 1.5 Ice Magic
 + Level 1.5 Air Magic
 + Level 1.5 Earth Magic
 + Level 1.5 Poison Magic
 + Level 2.1 Invocations
 + Level 2.0 Evocations


You had 8 spell levels left.
You knew the following spells:

 Your Spells              Type           Power        Failure   Level  Hunger
a - Infusion              Chrm           ###.         1%          1    None
b - Shroud of Golubria    Chrm/Tloc      ##........   7%          2    #......
c - Spectral Weapon       Hex/Chrm       ##......     13%         3    ###....
d - Confusing Touch       Hex            #.....       11%         1    None

Your spell library contained the following spells:

 Spells                   Type           Power        Failure   Level  Hunger
 Song of Slaying          Chrm           ###.....     2%          2    #......
 Regeneration             Chrm/Necr      ##........   13%         3    ###....
 Confuse                  Hex            #.......     30%         3    ###....
 Gell's Gravitas          Tloc           #.........   30%         3    ###....
 Petrify                  Tmut/Erth      #.......     71%         4    ####...
 Metabolic Englaciation   Hex/Ice        #.........   96%         5    ######.
 Yara's Violent Unravell  Hex/Tmut       #.........   96%         5    ######.


Dungeon Overview and Level Annotations

Branches:
Dungeon (4/15)
 Temple: D:4-7

Altars:
Ashenzari
Sif Muna

Annotations:
D:4 Blork the orc


Innate Abilities, Weirdness & Mutations

Your experience applies equally to all skills.
You have very sharp teeth.
Your uncanny sense of smell can sniff out nearby items.


Message History

Casting: Spectral Weapon (safe; 13% risk of failure)
Confirm with . or Enter, or press ? or * to list all spells.
You miscast Confusing Touch.
You are very lightly contaminated with residual magic.
You feel off-balance for a moment. Blork the orc casts a spell at you.
The puff of frost hits you!
Casting: Confusing Touch (safe; 11% risk of failure)
Confirm with . or Enter, or press ? or * to list all spells.
Your hands begin to glow red.
Blork the orc hits you with a +0 long sword.
* * * LOW HITPOINT WARNING * * *
The orc priest calls upon Beogh to heal Blork the orc.
Blork the orc is healed somewhat.
The orc misses you. The orc hits you with a +0 whip.
* * * LOW HITPOINT WARNING * * *
Blork the orc hits you but does no damage.
The orc priest invokes the aid of Beogh against you.
Beogh smites you!
You die...

#...#####.###.#
#+##...# #.# #.#
.......#####.# #.#
#####........# #.#
##...####### #.#
##.....## ##.#
##.......## ##.$#
#.........####.(.##
+.........+....o@.#
#.........####.oo##
##.......## ##o.#
###.....## ##.# #
##...## #.# ##'##
... #####.### ...
#.......##### ... ∆
#.###.......#


You could see Blork the orc, an orc priest and 2 orcs.

Vanquished Creatures
  An ogre (D:4)
  A crimson imp (D:3)
  An orc wizard (D:3)
  Terence (D:2)
  An iguana (D:4)
  Natasha (D:4)
  4 adders
  An ooze (D:1)
  An adder skeleton (D:3)
  A dart slug (D:2)
  2 leopard geckos
  3 orcs (D:3)
  6 bats
  3 giant cockroaches
  6 hobgoblins
  5 kobolds
  A quokka (D:2)
  A ball python (D:3)
  13 frilled lizards
  4 goblins
  9 rats
66 creatures vanquished.

Vanquished Creatures (others)
  A goblin (D:2)
  A spectral weapon (D:4)
2 creatures vanquished.

Grand Total: 68 creatures vanquished

Notes
Turn   | Place    | Note
-------+----------+-------------------------------------------
     0 | D:1      | Weezle the Gnoll Skald began the quest for the Orb.
     0 | D:1      | Reached XP level 1. HP: 20/20 MP: 6/6
   221 | D:1      | Reached XP level 2. HP: 22/26 MP: 7/7
  1059 | D:2      | Reached skill level 5 in Spellcasting
  1059 | D:2      | Reached XP level 3. HP: 23/31 MP: 7/9
  1138 | D:2      | Learned a level 2 spell: Shroud of Golubria
  1142 | D:2      | Learned a level 3 spell: Spectral Weapon
  1243 | D:2      | Noticed Terence
  1260 | D:2      | Killed Terence
  1260 | D:2      | Reached skill level 1 in Short Blades
  1260 | D:2      | Reached skill level 1 in Long Blades
  1260 | D:2      | Reached skill level 1 in Axes
  1260 | D:2      | Reached skill level 1 in Maces & Flails
  1260 | D:2      | Reached skill level 1 in Staves
  1260 | D:2      | Reached skill level 1 in Slings
  1260 | D:2      | Reached skill level 1 in Bows
  1260 | D:2      | Reached skill level 1 in Crossbows
  1260 | D:2      | Reached skill level 1 in Throwing
  1260 | D:2      | Reached skill level 1 in Stealth
  1260 | D:2      | Reached skill level 1 in Shields
  1260 | D:2      | Reached skill level 1 in Unarmed Combat
  1260 | D:2      | Reached skill level 1 in Invocations
  1260 | D:2      | Reached skill level 1 in Evocations
  1311 | D:2      | Reached XP level 4. HP: 38/38 MP: 11/11
  2039 | D:3      | Reached skill level 1 in Conjurations
  2039 | D:3      | Reached skill level 1 in Hexes
  2039 | D:3      | Reached skill level 1 in Summonings
  2039 | D:3      | Reached skill level 1 in Necromancy
  2039 | D:3      | Reached skill level 1 in Translocations
  2039 | D:3      | Reached skill level 1 in Transmutations
  2039 | D:3      | Reached skill level 1 in Fire Magic
  2039 | D:3      | Reached skill level 1 in Ice Magic
  2039 | D:3      | Reached skill level 1 in Air Magic
  2039 | D:3      | Reached skill level 1 in Earth Magic
  2039 | D:3      | Reached skill level 1 in Poison Magic
  2208 | D:3      | Learned a level 1 spell: Confusing Touch
  2351 | D:3      | Reached XP level 5. HP: 10/43 MP: 12/12
  2821 | D:3      | Found a deep blue altar of Sif Muna.
  3367 | D:4      | Noticed an ogre
  3375 | D:4      | Killed an ogre
  3375 | D:4      | Reached XP level 6. HP: 50/50 MP: 9/13
  3407 | D:4      | Noticed Natasha
  3413 | D:4      | Killed Natasha
  3464 | D:4      | Reached skill level 5 in Fighting
  3464 | D:4      | Reached skill level 5 in Polearms
  3464 | D:4      | Reached skill level 5 in Dodging
  3506 | D:4      | Found a shattered altar of Ashenzari.
  3521 | D:4      | Noticed Blork the orc
  3534 | D:4      | Killed from afar by an orc priest

Vault maps used:
D:1:      ncdulo_smallfort, minmay_misc_feat_enclosed
D:2:      uniq_terence
D:3:      lemuel_blue_sif_altar, minmay_lizard_king
D:4:      minmay_temple_entry_from_below_a, evilmike_ruin_ashenzari,
          uniq_blork_the_orc, uniq_natasha

Skill      XL: |  1  2  3  4  5  6 |
---------------+-------------------+-----
Spellcasting   | 5 |  5.3
Short Blades   | 1 2 |  2.0
Long Blades    | 1 2 |  2.0
Axes           | 1 2 |  2.0
Maces & Flails | 1 2 |  2.0
Staves         | 1 2 |  2.0
Slings         | 1 2 |  2.0
Bows           | 1 2 |  2.0
Crossbows      | 1 2 |  2.0
Throwing       | 1 2 |  2.0
Stealth        | 1 2 |  2.0
Shields        | 1 2 |  2.0
Unarmed Combat | 1 2 |  2.0
Invocations    | 1 2 |  2.1
Evocations     | 1 2 |  2.0
Conjurations   | 1 |  1.5
Hexes          | 1 |  1.5
Summonings     | 1 |  1.5
Necromancy     | 1 |  1.5
Translocations | 1 |  1.5
Transmutations | 1 |  1.5
Fire Magic     | 1 |  1.5
Ice Magic      | 1 |  1.5
Air Magic      | 1 |  1.5
Earth Magic    | 1 |  1.5
Poison Magic   | 1 |  1.5
Armour         | 3 |  3.2
Fighting       | 5 |  5.0
Polearms       | 5 |  5.0
Dodging        | 5 |  5.0
Charms         | |  5.6

Action                   |  1- 3 |  4- 6 || total
-------------------------+-------+-------++-------
Melee: Spear             |    28 |       ||    28
       Trident           |       |    99 ||    99
       Bite              |       |    12 ||    12
       Punch             |       |     2 ||     2
 Fire: Hunting sling     |    49 |   143 ||   192
 Cast: Confusing Touch   |       |     6 ||     6
       Spectral Weapon   |       |     4 ||     4
 Stab: Sleeping          |     2 |     1 ||     3
       Confused          |       |     4 ||     4
  Eat: Chunk             |     1 |     7 ||     8
Armor: Leather armour    |     9 |    59 ||    68
Dodge: Dodged            |    28 |   165 ||   193

Table legend:
 A = Non-vault XP
 B = Vault XP
 C = Vault XP percentage of total XP
 D = Non-vault monster count
 E = Vault monster count
 F = Vault count percentage of total count
                 A         B        C        D         E       F
            +---------+---------+-------+---------+---------+-------
      Total |     383 |      86 |  18.3 |      54 |      12 |  18.2
            +---------+---------+-------+---------+---------+-------
        D:1 |      20 |       0 |   0.0 |      10 |       0 |   0.0
        D:2 |      42 |      39 |  48.1 |      18 |       2 |  10.0
        D:3 |     168 |      11 |   6.1 |      24 |       9 |  27.3
        D:4 |     153 |      36 |  19.0 |       2 |       1 |  33.3
            +---------+---------+-------+---------+---------+-------
